 Dungeon Crawl Stone Soup version 0.31-a0-699-g830162fb6c (webtiles) character file.

Game seed: 1178877464081581985

240 qw the Shooter (level 6, -1/38 HPs)
             Began as a Gargoyle Hunter on Sept 7, 2023.
             Slain by a black bear (4 damage)
             ... on level 4 of the Dungeon.
             The game lasted 00:00:56 (2093 turns).

qw the Shooter (Gargoyle Hunter)                    Turns: 2093, Time: 00:00:57

Health: -1/38      AC:  7    Str: 14    XL:     6   Next: 8%
Magic:  0/6        EV: 11    Int: 10    God:
Gold:   144        SH:  0    Dex: 15    Spells: 5/5 levels left

rFire   . . .        Y - +0 shortbow
rCold   . . .        (shield currently unavailable)
rNeg    + . .        c - +0 leather armour
rPois   inf          (no helmet)
rElec   +            (no cloak)
rCorr   .            (no gloves)
SInv    +            (no boots)
Will    .....        a - amulet of guardian spirit
Stlth   ++           d - ring of see invisible
HPRegen 0.26/turn    (no ring)
MPRegen 0.10/turn

%: guardian spirit
@: no status effects
A: sickness immunity, AC +4, negative energy resistance 1, electricity
resistance, torment resistance 1, petrification resistance
a: no special abilities


You were on level 4 of the Dungeon.
You visited 1 branch of the dungeon, and saw 4 of its levels.

You collected 144 gold pieces.


Innate Abilities, Weirdness & Mutations

You are immune to sickness and miasma.
Your stone body is resilient. (AC +4)
You are immune to poison.
You resist negative energy. (rN+)
You are resistant to electric shocks. (rElec)
You are resistant to unholy torment.
You are immune to petrification.


   Skills:
 + Level 3.9 Fighting
 - Level 6.4 Ranged Weapons
 - Level 1.5 Dodging
 - Level 1.1 Stealth


You had 5 spell levels left.
You didn't know any spells.
Your spell library was empty.

Inventory:

Hand Weapons
 Y - a +0 shortbow (weapon)
Armour
 c - a +0 leather armour (worn)
Jewellery
 a - an amulet of guardian spirit (around neck)
 d - a ring of see invisible (left hand)
Scrolls
 i - a scroll of identify
Potions
 b - a potion of mutation {unknown}
 e - a potion of haste {unknown}
 f - a potion of curing {unknown}

Dungeon Overview and Level Annotations

Branches:
Dungeon (4/15)
 Temple: D:4-7

Altars:


Message History

You shoot an arrow.
The arrow closely misses the black bear.
The black bear barely misses you. The black bear closely misses you.
The black bear completely misses you.
You shoot an arrow. The arrow hits the black bear.
The black bear is severely wounded.
The black bear goes berserk!
You shoot an arrow. The arrow hits the black bear.
The black bear is severely wounded.
The black bear barely misses you. x2; The black bear claws you.
You shoot an arrow. The arrow hits the black bear.
The black bear is almost dead.
The black bear bites you. The black bear claws you.
The black bear closely misses you.
The black bear bites you but does no damage.
The black bear claws you but does no damage.
The black bear closely misses you.
You shoot an arrow. The arrow barely misses the black bear.
The black bear bites you. The black bear closely misses you.
The black bear claws you. The black bear barely misses you.
The black bear claws you but does no damage.
The black bear barely misses you.
You shoot an arrow. The arrow hits the black bear.
The black bear is almost dead.
The black bear barely misses you. The black bear claws you.
The black bear barely misses you.
You shoot an arrow. The arrow hits the black bear.
The black bear is almost dead.
The black bear bites you but does no damage.
The black bear claws you.
The black bear claws you but does no damage.
The black bear bites you but does no damage.
The black bear claws you.
The black bear claws you but does no damage.
You shoot an arrow.
The arrow closely misses the black bear.
The black bear barely misses you. The black bear closely misses you.
The black bear claws you but does no damage.
The black bear bites you.
You die...

#.. ........ ##..
.......## ...
.....##..<......# ..
.....#........... ..#
........##...## ..##
.......##...##...#
##..........#....###
#.h@....##.........#
.##.##....###.<....#
.........#..........#
#..................##
##.................#
##...............##
#.............###
..........).....#
...............##


You could see a black bear (berserk).

Vanquished Creatures
  A phantom (D:3)
  2 orc priests (D:3)
  3 adders
  A worm (D:2)
  4 dart slugs
  4 orcs
  6 endoplasms
  A giant cockroach (D:2)
  2 goblins
  3 hobgoblins
  13 jackals
  3 quokkas
  4 ball pythons
  3 bats
  3 frilled lizards
  6 kobolds
  4 rats (D:2)
63 creatures vanquished.

Notes
Turn   | Place    | Note
-------+----------+-------------------------------------------
     0 | D:1      | qw the Gargoyle Hunter began the quest for the Orb.
     0 | D:1      | Reached XP level 1. HP: 12/12 MP: 1/1
     0 | D:1      | 0 ||| qw: Version: 0.3-a-76-g4403597
     0 | D:1      | 0 ||| qw: Game counter: 396
     0 | D:1      | 0 ||| qw: Melee chars always use a shield: true
     0 | D:1      | 0 ||| qw: God list: Okawaru
     0 | D:1      | 0 ||| qw: Allow faded altars: false
     0 | D:1      | 0 ||| qw: Do Orc after clearing Dungeon:15 true
     0 | D:1      | 0 ||| qw: Do second Lair branch before Depths: true
     0 | D:1      | 0 ||| qw: Lair rune preference: random
     0 | D:1      | 0 ||| qw: Goals: Normal
     0 | D:1      | 0 ||| PLANNING D:1-11
   126 | D:1      | Reached XP level 2. HP: 17/17 MP: 2/2
   322 | D:1      | Reached XP level 3. HP: 20/21 MP: 3/3
   385 | D:1      | Reached skill level 5 in Ranged Weapons
   515 | D:1      | Found a faded altar of an unknown god.
   686 | D:1      | 686 ||| READING scroll labelled FEALECW YHAOTS.
   691 | D:1      | 691 ||| READING scroll labelled HYAFRU ZYUNI OWU.
   692 | D:1      | 692 ||| DRINKING 2 fuming golden potions.
   693 | D:1      | 693 ||| DROPPING scroll of butterflies.
   694 | D:1      | 694 ||| DROPPING potion of invisibility.
   926 | D:2      | Reached skill level 3 in Fighting
  1033 | D:2      | Reached XP level 4. HP: 28/28 MP: 4/4
  1250 | D:2      | 1250 ||| READING scroll labelled KEUNETSOINEE.
  1251 | D:2      | 1251 ||| READING scroll labelled GUMOOR TUDE.
  1252 | D:2      | 1252 ||| DRINKING 2 white potions.
  1275 | D:3      | 1275 ||| STAIRDANCE
  1303 | D:3      | 1303 ||| STAIRDANCE
  1497 | D:3      | 1497 ||| Stepping ~*~*~tactically~*~*~ (outnumbered).
  1500 | D:3      | 1500 ||| Stepping ~*~*~tactically~*~*~ (retreating).
  1514 | D:3      | HP: 4/28 [orc priest/+0 falchion (5)]
  1515 | D:3      | 1515 ||| READING scroll of teleportation.
  1516 | D:3      | 1516 ||| DRINKING potion of heal wounds.
  1583 | D:3      | Noticed a phantom
  1594 | D:3      | Killed a phantom
  1595 | D:3      | Reached skill level 6 in Ranged Weapons
  1595 | D:3      | Reached XP level 5. HP: 27/32 MP: 5/5
  1638 | D:3      | 1638 ||| DROPPING +0 sling of flaming.
  1705 | D:3      | Reached XP level 6. HP: 38/38 MP: 6/6
  1971 | D:3      | 1971 ||| UPGRADING to amulet of guardian spirit.
  1976 | D:3      | 1976 ||| UPGRADING to ring of see invisible.
  1977 | D:3      | 1977 ||| READING scroll labelled FUINLI OS JOKK.
  1978 | D:3      | 1978 ||| READING 2 scrolls labelled HALEEK LITZ.
  1979 | D:3      | 1979 ||| DRINKING 2 coppery potions.
  2027 | D:3      | 2027 ||| DROPPING potion of lignification.
  2028 | D:3      | 2028 ||| DROPPING scroll of blinking.
  2064 | D:4      | 2064 ||| PLANNING SEWER
  2076 | D:4      | Noticed a black bear
  2090 | D:4      | HP: 9/38 [black bear (3)]
  2092 | D:4      | HP: 3/38 [black bear (4)]
  2093 | D:4      | Slain by a black bear

Levels and vault maps discovered:
D:1:      saegor_arrival_simple_b, layout_basic,
          dilly_ecumenical_altar_fadedgnrine
D:2:      minmay_diamond_boxcup, layout_basic, st_stairs_2
D:3:      layout_basic, small_statue_intersection
D:4:      layout_cave_pools, mainiacjoe_overflow_tiny_flanked,
          portal_sewer_entry_f, gammafunk_ghost_grave, corexii_shack

Skill      XL: |  1  2  3  4 |
---------------+-------------+-----
Ranged Weapons | 5 6 |  6.4
Fighting       | 3 |  3.9
Dodging        | |  1.5
Stealth        | |  1.1

Action                     |  1- 3 |  4- 6 || total
---------------------------+-------+-------++-------
   Fire: Shortbow          |   120 |   110 ||   230
    Use: Scroll            |     2 |     5 ||     7
         Potion            |     1 |     3 ||     4
 Armour: Leather armour    |    47 |    67 ||   114
  Dodge: Dodged            |    45 |    52 ||    97

Table legend:
 A = Non-vault XP
 B = Vault XP
 C = Vault XP percentage of total XP
 D = Non-vault monster count
 E = Vault monster count
 F = Vault count percentage of total count
                 A         B        C        D         E       F
            +---------+---------+-------+---------+---------+-------
      Total |     317 |      26 |   7.6 |      54 |       9 |  14.3
            +---------+---------+-------+---------+---------+-------
        D:1 |      44 |       0 |   0.0 |      23 |       0 |   0.0
        D:2 |      42 |      26 |  38.2 |      14 |       9 |  39.1
        D:3 |     230 |       0 |   0.0 |      16 |       0 |   0.0
        D:4 |       1 |       0 |   0.0 |       1 |       0 |   0.0
            +---------+---------+-------+---------+---------+-------
